Map: Daybreak LE (Void)

Players

mater - Winner!

  • Race: Terran Terran
  • Spawn Location: 1:00

A.I. 1 (Very Easy)

  • Race: Zerg Zerg
  • Spawn Location: 7:00

VOD

Have the link to the VOD?

Description

Time

  • Played on: May 1, 2017, 3:02 a.m.
  • Length: 5:24
Show
View Real Time Build Order
Export as new Build Order

mater Terran - Winner!

Build Orders:  

Get SALT Encoding   

  12  0:00  SCV  
  13  0:13  SCV  
  14  0:17  Supply Depot  
  14  0:25  SCV  
  15  0:39  SCV  
  15  0:40  Barracks  
  16  0:44  Refinery  
  16  0:51  SCV  
  17  1:03  SCV  
  18  1:15  SCV  
  19  1:27  Barracks Reactor  
  19  1:28  Orbital Command  
  19  1:42  Command Center  
  19  1:53  Barracks  
  19  1:56  SCV  
  20  2:06  Factory  
  20  2:10  SCV  
  21  2:16  Supply Depot  
  21  2:21  Refinery  
  21  2:26  Marine  
  21  2:28  SCV  
  23  2:37  Marine  
  23  2:40  Barracks Tech Lab, SCV  
  23  2:44  Marine  
  26  2:55  Marine  
  26  2:57  Orbital Command  
  27  2:59  Stimpack  
  27  3:01  Marine  
  27  3:04  SCV  
  29  3:14  Marine, Starport  
  30  3:21  Factory Reactor  
  30  3:22  Marine  
  30  3:23  Marine  
  32  3:30  SCV  
  32  3:32  Marine  
  34  3:36  Supply Depot  
  34  3:39  SCV, Marine  
  36  3:41  Marine  
  37  3:49  SCV  
  37  3:50  Marine  
  39  3:57  Marine  
  39  3:59  Marine  
  39  4:02  Medivac x2  
  45  4:08  Marine  
  45  4:09  Supply Depot  
  46  4:15  Marine  
  46  4:16  SCV  
  46  4:17  SCV, Marine  
  50  4:26  Marine  
  51  4:33  Marine  
  51  4:35  Marine  
  53  4:43  SCV  
  53  4:44  SCV, Marine  
Show
View Real Time Build Order
Export as new Build Order

A.I. 1 (Very Easy) Zerg 

Build Orders: Pool Only 

Get SALT Encoding   

  12  0:01  Drone  
  13  0:12  Overlord  
  13  0:17  Drone  
  14  0:35  Spawning Pool  
  13  0:37  Extractor  
  13  0:39  Drone  
  13  0:46  Drone  
  14  0:53  Overlord  
  14  1:22  Zergling x2  
  14  1:24  Queen  
  17  1:32  Roach Warren  
  16  1:36  Drone  
  16  1:39  Extractor  
  16  1:42  Zergling x2  
  16  1:44  Drone  
  18  1:57  Drone  
  19  2:02  Zergling x2  
  19  2:08  Drone  
  21  2:18  Drone  
  22  2:30  Drone  
  22  2:31  Overlord  
  23  2:37  Drone  
  24  2:44  Drone  
  25  5:02  Zergling x2  
  25  5:06  Drone  
Tags
 
Add a new tag
Caveats
  • Supply blocks, unpowered buildings, or Contaminate may cause inaccurate times.
  • Supply counts are checked every 10 seconds.